Unix NetHack Version 5.0.0-0 post-release - last build May 23 2026 06:08:33 (1c0ff79ee797540d5714e4e18072db0edd9e58ae,branch:main).

Game began 2026-05-26 23:04:56, ended 2026-05-26 23:28:52.

CyberFan, lawful female human Knight

                                --------   ----
                                |......-----..|
                                |.......^..@u(|
                                |......------^|
                                |......|    |.|
                                |----.------|.|
                                |.....|....||.|
                                |.....|00..||.|
                                |..........-|.|
                                |....---...>|<|
                                ------ --------

CyberFan the Bachelor    St:25 Dx:9 Co:13 In:8 Wi:16 Ch:18  Lawful
Dlvl:6  $:457 HP:0(43) Pw:50(50) AC:2  Xp:6/415 T:3963 

Latest messages:
 You kill the rock mole!
 The pony picks up a rock.
 The pony drops a rock.
 You are beginning to feel hungry.
 You stop waiting.
 What do you want to eat? [pq or ?*]
 My, this is a yummy jackfruit!
 You hear someone incant ZELGO MER.
 You see here a rock.
 You hear someone counting gold coins.
 You stop waiting.
 You hear water falling on coins.
 You stop waiting.
 You climb up the stairs.
 The pony misses the lynx.
 The pony bites the lynx.
 The lynx misses!
 The lynx just misses!
 The lynx bites!
 The pony hits the lynx.
 The pony bites the lynx.
 You hit the lynx!
 The pony misses the lynx.
 The pony bites the lynx.
 The lynx hits!
 The lynx hits again!
 The lynx misses!
 The lynx hits!
 The lynx misses!
 The lynx bites!
 You kill the lynx!
 You swap places with your pony.
 You see here a lynx corpse.
 You swap places with your pony.
 The pony picks up a lynx corpse.
 The pony drops a lynx corpse.
 You see here a lynx corpse.
 There is a lynx corpse here; eat it? [ynq] (n)
 This lynx corpse tastes okay.
 You finish eating the lynx corpse.
 Click!  You trigger a rolling boulder trap!
 No boulder was released.
 The black unicorn misses!
 The black unicorn kicks!
 You miss the black unicorn.
 The black unicorn butts!
 The black unicorn misses!
 The black unicorn butts!
 The black unicorn kicks!
 You die...

Inventory:
 Coins    ('$')
  $ - 457 gold pieces
 Amulets  ('"')
  w - a cursed amulet of magical breathing named cursed
 Weapons  (')')
  G - an uncursed +0 scimitar (weapon in right hand)
  b - an uncursed +2 lance
 Armor    ('[')
  E - a cursed -1 helm of opposite alignment named cursed
  d - an uncursed +0 helmet (being worn)
  A - an uncursed +0 pair of gauntlets of power (being worn)
  C - an uncursed +0 pair of kicking boots (being worn)
  e - an uncursed +0 small shield (being worn)
  c - an uncursed +1 ring mail (being worn)
 Comestibles  ('%')
  p - an uncursed jackfruit
  q - an uncursed fortune cookie
 Scrolls  ('?')
  r - an uncursed scroll of charging
  K - 2 uncursed scrolls of earth
  M - a cursed scroll of light
 Potions  ('!')
  i - an uncursed potion of oil
 Wands    ('/')
  H - a blessed wand of fire (0:6)
  v - an uncursed wand of sleep (0:7)
  J - an uncursed wand of slow monster (0:7)
 Tools    ('(')
  y - an uncursed wooden flute
  m - an uncursed partly used tallow candle
 Gems/Stones  ('*')
  j - 2 uncursed worthless pieces of red glass

CyberFan the Knight's attributes:

Background:
 You were a Bachelor, a level 6 female human Knight.
 You were lawful, on a mission for Lugh
 who was opposed by Brigit (neutral) and Manannan Mac Lir (chaotic).
 You were right-handed.
 You were in Sokoban, on level 6.
 You entered the dungeon 3963 turns ago.
 It was nighttime.
 You had 415 experience points, 225 more were needed to attain level 7.

Basics:
 You had 0 out of 43 hit points.
 You had all 50 energy points (spell power).
 Your armor class was 2.
 Your wallet contained 457 zorkmids.
 Autopickup was on for '$%?!"=/*', with exceptions.

Final Characteristics:
 Your strength was 25 (base:13, innate limit:18/100).
 Your dexterity was 9 (limit:18).
 Your constitution was 13 (limit:18).
 Your intelligence was 8 (limit:18).
 Your wisdom was 16 (limit:18).
 Your charisma was 18 (limit:18).

Final Status:
 You weren't hungry.
 You were unencumbered.
 You were wielding a saber.
 You were unskilled in saber.

Final Attributes:
 You were piously aligned.
 You could jump.
 You were warded.
 You are dead.

Miscellaneous:
 You disabled loading and storing of bones levels.
 Total elapsed playing time was 23 minutes and 55 seconds.

Major events:
 Turn
    1: CyberFan the lawful female human Knight entered the dungeon
  486: entered the Gnomish Mines
 1731: attained the rank of Esquire (level 3)
 2603: entered Sokoban
 3138: completed 1st Sokoban level
 3397: attained the rank of Bachelor (level 6)
 3963: killed by a black unicorn

You didn't know any spells.

Skills:
 Fighting Skills
   bare handed combat [Unskilled]
   two weapon combat  [Unskilled]
   riding             [Basic]
 Weapon Skills
   dagger             [Unskilled]
   knife              [Unskilled]
   axe                [Unskilled]
   pick-axe           [Unskilled]
   short sword        [Unskilled]
   broadsword         [Unskilled]
   long sword         [Basic]
   two-handed sword   [Unskilled]
   saber              [Unskilled]
   club               [Unskilled]
   mace               [Unskilled]
   morning star       [Unskilled]
   flail              [Unskilled]
   hammer             [Unskilled]
   polearms           [Unskilled]
   spear              [Unskilled]
   trident            [Unskilled]
   lance              [Basic]
   bow                [Unskilled]
   crossbow           [Unskilled]
 Spellcasting Skills
   attack spells      [Unskilled]
   healing spells     [Unskilled]
   clerical spells    [Unskilled]

Voluntary challenges:
 Character rerolling was not enabled.
 You never genocided any monsters.
 You never polymorphed an object.
 You never changed form.
 You used no wishes.
 You did not violate any of the special Sokoban rules.
Achievements:
 You entered the Gnomish Mines.
 You entered a shop.
 You attained the rank of Esquire.
 You entered Sokoban.
 You attained the rank of Bachelor.

 The Dungeons of Doom: levels 1 to 9
    Level 1:
    Level 2:
       Stairs down to The Gnomish Mines.
    Level 3:
    Level 4:
       A general store.
    Level 5:
       An armor shop.
    Level 6:
    Level 7:
       A general store, a fountain.
       Stairs up to Sokoban, level 6.
    Level 8:
       A fountain.
    Level 9:
 The Gnomish Mines:
    Level 3:
 Sokoban: levels 6 up to 5
    Level 5:
       Unsolved.
    Level 6: <- You were here.
       Solved.
       Final resting place for
          you, killed by a black unicorn.


Vanquished creatures:
  2 wolves
  a lynx
  a jaguar
  2 snakes
  a Woodland-elf
 an imp
  a rock piercer
  a rock mole
  a pony
  a yellow light
  a shrieker
  a gnome leader
  a straw golem
  a kobold leader
  a kobold shaman
  a rothe
  a rabid rat
  a giant bat
  a monkey
 an orc zombie
  a werejackal
  2 iguanas
  a coyote
  a hobbit
  a manes
  a green mold
  a gnome
  6 geckos
  3 jackals
  a kobold
  2 goblins
  2 sewer rats
  4 grid bugs
  2 bats
  7 lichens
  7 newts
64 creatures vanquished.

No species were genocided or became extinct.

Game over:
                       ----------
                      /          \
                     /    REST    \
                    /      IN      \
                   /     PEACE      \
                  /                  \
                  |     CyberFan     |
                  |      457 Au      |
                  |   killed by a    |
                  |  black unicorn   |
                  |                  |
                  |                  |
                  |       2026       |
                 *|     *  *  *      | *
        _________)/\\_//(\/(/\)/\//\/|_)_______

Fare thee well CyberFan the Knight...

You died in Sokoban on dungeon level 6 with 2482 points,
and 457 pieces of gold, after 3963 moves.
You were level 6 with a maximum of 43 hit points when you died.

